 Dungeon Crawl Stone Soup version 0.28.0-53-g5a82cb258f (webtiles) character file.

Game seed: 1207440795294021084

31 Zeld the Chopper (level 3, -3/33 HPs)
             Began as a Hill Orc Monk on May 27, 2022.
             Slain by an adder (4 damage)
             ... on level 2 of the Dungeon.
             The game lasted 00:00:51 (1500 turns).

Zeld the Chopper (Hill Orc Monk)                    Turns: 1500, Time: 00:00:52

Health: -3/33      AC:  2    Str: 15    XL:     3   Next: 22%
Magic:  3/3        EV:  9    Int: 10    God:
Gold:   73         SH:  0    Dex: 13    Spells: 2/2 levels left

rFire   . . .      SeeInvis .   a - +0 hand axe
rCold   . . .      Faith    .   (no shield)
rNeg    . . .      Spirit   .   b - +0 robe
rPois   .          Reflect  .   (no helmet)
rElec   .          Harm     .   (no cloak)
rCorr   .          Rampage  .   (no gloves)
Will    .....                   (no boots)
Stlth   ++........              (no amulet)
HPRegen 0.11/turn               (no ring)
MPRegen 0.08/turn               (no ring)

@: lethally poisoned (-3 -> -7), constricted
A: no striking features
a: no special abilities


You were on level 2 of the Dungeon.
You visited 1 branch of the dungeon, and saw 2 of its levels.

You collected 73 gold pieces.

Inventory:

Hand Weapons
 a - a +0 hand axe (weapon)
Armour
 b - a +0 robe (worn)
Scrolls
 c - a scroll of vulnerability {unknown}
 e - 2 scrolls of amnesia {unknown}
Potions
 d - a potion of curing {unknown}
 f - a potion of attraction {unknown}


   Skills:
 * Level 4.1 Fighting
 * Level 4.6 Axes
 + Level 1.1 Armour
 + Level 2.6 Dodging
 - Level 1.5 Stealth


You had 2 spell levels left.
You didn't know any spells.
Your spell library was empty.

Dungeon Overview and Level Annotations

Branches:
Dungeon (2/15)

Altars:

Shops:
D:1 ?


Message History

You are too injured to fight recklessly!
You closely miss the adder.
The adder is moderately wounded.
You closely miss the frilled lizard. The adder bites you but does no damage.
The adder barely misses you.
The frilled lizard bites you but does no damage.
You are too injured to fight recklessly!
You miss the adder.
The adder is moderately wounded.
You hit the frilled lizard.
You kill the frilled lizard!
The adder closely misses you. The ball python barely misses you.
The ball python closely misses you.
You are too injured to fight recklessly!
You miss the adder.
The adder is moderately wounded.
You closely miss the ball python. The adder bites you.
The ball python bites you. The ball python barely misses you.
The adder closely misses you.
You are too injured to fight recklessly!
You miss the adder.
The adder is moderately wounded.
You closely miss the ball python. The ball python closely misses you.
The ball python grabs you. The ball python constricts you. The adder bites you.
* * * LOW HITPOINT WARNING * * *
You are poisoned.
The adder poisons you!
You miss the adder.
The adder is moderately wounded.
You hit the ball python but do no damage.
You feel sick. The ball python bites you.
* * * LOW HITPOINT WARNING * * *
The ball python constricts you.
* * * LOW HITPOINT WARNING * * *
The adder bites you.
* * * LOW HITPOINT WARNING * * *
The ball python bites you.
* * * LOW HITPOINT WARNING * * *
The ball python constricts you. The adder bites you.
You die...

....# #.......###########.......
....# ######### #### #####.##
###.# ###..### #)# # #.#
###.#....# #.# # #.#
###.#..#.#<# #.# # #.#
###.#..#.#'#.# #.# # #.#
###.#..#.###.#.#######.# ..#
#.#..#.###...#.........#
#####+#.#..#.###@..###.#########
...##......###.SS### ###
...###.#..#.##..## ...#
##.#..#.##. ...# ##.#..#.## ...#
##.#..#.## ...# ##.#..#.## ...#
##.#..#.## ...# ##.#..#.##


You could see an adder and a ball python.

Vanquished Creatures
  A dart slug (D:2)
  2 bats
  3 endoplasms
  3 giant cockroaches
  5 hobgoblins
  2 jackals (D:1)
  3 kobolds
  2 ball pythons (D:2)
  2 frilled lizards (D:2)
  A goblin (D:2)
  A rat (D:1)
25 creatures vanquished.

Vanquished Creatures (others)
  13 plants (D:2)
13 creatures vanquished.

Grand Total: 38 creatures vanquished

Notes
Turn   | Place    | Note
-------+----------+-------------------------------------------
     0 | D:1      | Zeld the Hill Orc Monk began the quest for the Orb.
     0 | D:1      | Reached XP level 1. HP: 19/19 MP: 1/1
   296 | D:1      | Found Oleqeiz's Magic Scroll Shop.
   323 | D:1      | Reached XP level 2. HP: 23/27 MP: 2/2
  1086 | D:2      | Reached skill level 1 in Armour
  1130 | D:2      | Reached XP level 3. HP: 22/33 MP: 3/3
  1500 | D:2      | HP: 1/33 [ball python (1)]
  1500 | D:2      | Slain by an adder

Illustrated notes

Levels and vault maps discovered:
D:1:      dpeg_arrival_central, layout_basic, serial_shops, shop, minivault_26
D:2:      minmay_razor_zed, layout_basic, ebering_ecumenical_altar_hall,
          serial_bayou_lagoon_a, uniq_natasha

Skill      XL: |  1  2 |
---------------+-------+-----
Fighting       | 4 |  4.1
Armour         | 1 |  1.1
Axes           | |  4.6
Dodging        | |  2.6
Stealth        | |  1.5

Action                   || total
-------------------------++-------
Melee: Hand axe          ||    89
 Stab: Sleeping          ||     2
Armor: Robe              ||    26
Dodge: Dodged            ||    65
